 Dungeon Crawl Stone Soup version 0.31.0-9-g3a7656b989 (webtiles) character file.

Game seed: 14475703955250573623

19 qw the Shooter (level 2, -5/16 HPs)
             Began as a Deep Elf Hunter on Feb 2, 2024.
             Slain by a gnoll
             ... wielding a +0 flail
              (11 damage)
             ... on level 2 of the Dungeon.
             The game lasted 00:00:02 (517 turns).

qw the Shooter (Deep Elf Hunter)                     Turns: 517, Time: 00:00:02

Health: -5/16      AC:  5    Str:  8    XL:     2   Next: 55%
Magic:  4/4        EV: 12    Int: 10    God:
Gold:   67         SH:  0    Dex: 18    Spells: 1/1 levels left

rFire   . . .        h - +3 sling of Prescription {speed, +Blink Int-3 Stlth+}
rCold   . . .        (no shield)
rNeg    . . .        c - +0 leather armour
rPois   .            (no helmet)
rElec   .            (no cloak)
rCorr   .            (no gloves)
SInv    .            a - +1 pair of boots {rampage}
Will    .....        (no amulet)
Stlth   +++          (no ring)
HPRegen 0.22/turn    (no ring)
MPRegen 0.09/turn

%: rampage
@: no status effects
A: no striking features
a: Evoke Blink


You were on level 2 of the Dungeon.
You visited 1 branch of the dungeon, and saw 2 of its levels.

You collected 67 gold pieces.


   Skills:
 - Level 1.5 Fighting
 + Level 6.3 Ranged Weapons
 - Level 2.4 Dodging
 - Level 1.2 Stealth


You had one spell level left.
You didn't know any spells.
Your spell library was empty.

Inventory:

Hand Weapons
 h - the +3 sling of Prescription (weapon) {speed, +Blink Int-3 Stlth+}
   (You acquired it on level 1 of the Dungeon)

   Int-3:     It affects your intelligence (-3).
   +Blink:    It lets you blink.
   Stlth+:    It makes you more stealthy.
Armour
 a - a +1 pair of boots of rampaging (worn)
 c - a +0 leather armour (worn)

Dungeon Overview and Level Annotations

Branches:
Dungeon (2/15)

Altars:


Message History

A ribbon worm comes into view.
You shoot a sling bullet. The sling bullet hits the ribbon worm!
The ribbon worm is heavily wounded.
You hear a shout! x2
You shoot a sling bullet.
The sling bullet barely misses the ribbon worm.
A gnoll comes into view. It is wielding a +0 spear.
A gnoll comes into view. It is wielding a +0 flail.
The ribbon worm expels a string of sticky webbing.
The stream of webbing hits you but does no damage.
You are caught in a web!
You struggle to detach yourself from the web.
A gnoll comes into view.
It is wielding a +0 whip and quivering a throwing net.
The web tears apart.
510 ||| RETREEEEATING.
There is a stone staircase leading up here.
511 ||| RETREEEEATING.
You shoot a sling bullet. The sling bullet hits the gnoll.
The gnoll is moderately wounded.
You shoot a sling bullet.
The sling bullet hits the gnoll but does no damage.
The gnoll is moderately wounded.
You shoot a sling bullet. The sling bullet hits the gnoll.
The gnoll is heavily wounded.
You shoot a sling bullet. The sling bullet hits the gnoll.
The gnoll is almost dead.
The gnoll closely misses you.
You shoot a sling bullet.
The sling bullet barely misses the gnoll.
The sling bullet hits the gnoll!
The gnoll is severely wounded.
The gnoll misses you. The gnoll hits you with a +0 flail!
Ouch! That really hurt!
You shoot a sling bullet.
The sling bullet closely misses the gnoll.
The sling bullet hits the gnoll.
You kill the gnoll!
The gnoll hits you with a +0 flail!
Ouch! That really hurt!
You die...

###. ... # ...
####.## ##.##
.....#w ....###
#.....#......#
#.g....#
##g#...#.#
#@.......
.......##...###
....... #.##
....... .#
##...## # #...
##. #.


You could see a ribbon worm and 2 gnolls.

Vanquished Creatures
  A gnoll (D:2)
  A dart slug (D:1)
  2 ball pythons (D:1)
  4 bats (D:1)
  An endoplasm (D:1)
  A giant cockroach (D:1)
  3 goblins (D:1)
  2 frilled lizards (D:1)
  2 rats (D:1)
17 creatures vanquished.

Notes
Turn   | Place    | Note
-------+----------+-------------------------------------------
     0 | D:1      | qw the Deep Elf Hunter began the quest for the Orb.
     0 | D:1      | Reached XP level 1. HP: 12/12 MP: 3/3
     0 | D:1      | 0 ||| qw: Version: 0.3-a-155-g5e7d8dd
     0 | D:1      | 0 ||| qw: Game counter: 1055
     0 | D:1      | 0 ||| qw: Melee chars always use a shield: true
     0 | D:1      | 0 ||| qw: God list: Okawaru
     0 | D:1      | 0 ||| qw: Allow faded altars: false
     0 | D:1      | 0 ||| qw: Do Orc after clearing Dungeon:15 true
     0 | D:1      | 0 ||| qw: Do second Lair branch before Depths: true
     0 | D:1      | 0 ||| qw: Lair rune preference: random
     0 | D:1      | 0 ||| qw: Goals: Normal
     0 | D:1      | 0 ||| PLANNING D:1-11
    87 | D:1      | Reached skill level 6 in Ranged Weapons
    87 | D:1      | Reached XP level 2. HP: 16/16 MP: 4/4
   466 | D:1      | 466 ||| READING 2 scrolls labelled ECAUCZ LUOLEERA.
   466 | D:1      | Identified 2 scrolls of acquirement
   466 | D:1      | 466 ||| ACQUIRING +3 sling of Prescription {speed, +Blink
                  | Int-3 Stlth+}
   466 | D:1      | Acquired the +3 sling of Prescription {speed, +Blink Int-3
                  | Stlth+}
   468 | D:1      | 468 ||| SWAPPING to +3 sling of Prescription {speed, +Blink
                  | Int-3 Stlth+}.
   469 | D:1      | 469 ||| DROPPING +0 shortbow.
   470 | D:1      | 470 ||| READING scroll of acquirement.
   470 | D:1      | 470 ||| ACQUIRING +1 pair of boots of rampaging
   470 | D:1      | Acquired a +1 pair of boots of rampaging
   472 | D:1      | 472 ||| UPGRADING to +1 pair of boots of rampaging.
   477 | D:1      | 477 ||| READING scroll labelled SAEBIK TUSOIG.
   478 | D:1      | 478 ||| DRINKING 2 sapphire potions.
   479 | D:1      | 479 ||| DRINKING fuming cyan potion.
   480 | D:1      | 480 ||| DROPPING scroll of butterflies.
   481 | D:1      | 481 ||| DROPPING potion of ambrosia.
   510 | D:2      | 510 ||| RETREEEEATING.
   511 | D:2      | 511 ||| RETREEEEATING.
   517 | D:2      | Slain by a gnoll

Levels and vault maps discovered:
D:1:      dpeg_arrival_pits, layout_basic
D:2:      layout_loops_ring

Skill      XL: |  1 |
---------------+----+-----
Ranged Weapons | 6 |  6.3
Fighting       | |  1.5
Dodging        | |  2.4
Stealth        | |  1.2

Action                     || total
---------------------------++-------
   Fire: Shortbow          ||    32
         Sling             ||     8
    Use: Scroll            ||     3
         Potion            ||     2
 Armour: Leather armour    ||     7
  Dodge: Dodged            ||     2

Table legend:
 A = Non-vault XP
 B = Vault XP
 C = Vault XP percentage of total XP
 D = Non-vault monster count
 E = Vault monster count
 F = Vault count percentage of total count
                 A         B        C        D         E       F
            +---------+---------+-------+---------+---------+-------
      Total |      42 |       0 |   0.0 |      17 |       0 |   0.0
            +---------+---------+-------+---------+---------+-------
        D:1 |      28 |       0 |   0.0 |      16 |       0 |   0.0
        D:2 |      14 |       0 |   0.0 |       1 |       0 |   0.0
            +---------+---------+-------+---------+---------+-------
